[gd_resource type="Theme" load_steps=11 format=2]

[ext_resource path="res://Resources/LockdownFont.tres" type="DynamicFont" id=1]
[ext_resource path="res://UI/StoneButton.png" type="Texture" id=2]
[ext_resource path="res://UI/StoneButtonDisabled.png" type="Texture" id=3]
[ext_resource path="res://UI/StoneButtonPressed.png" type="Texture" id=4]
[ext_resource path="res://UI/StoneButtonHovered.png" type="Texture" id=5]

[sub_resource type="StyleBoxTexture" id=1]
texture = ExtResource( 3 )
region_rect = Rect2( 0, 0, 16, 17 )
margin_left = 5.0
margin_right = 5.0
margin_top = 5.0
margin_bottom = 5.0

[sub_resource type="StyleBoxTexture" id=2]
texture = ExtResource( 5 )
region_rect = Rect2( 0, 0, 16, 17 )
margin_left = 5.0
margin_right = 5.0
margin_top = 5.0
margin_bottom = 5.0

[sub_resource type="StyleBoxTexture" id=3]
texture = ExtResource( 2 )
region_rect = Rect2( 0, 0, 16, 17 )
margin_left = 5.0
margin_right = 5.0
margin_top = 5.0
margin_bottom = 5.0

[sub_resource type="StyleBoxTexture" id=4]
texture = ExtResource( 4 )
region_rect = Rect2( 0, 0, 16, 17 )
margin_left = 5.0
margin_right = 5.0
margin_top = 5.0
margin_bottom = 5.0

[sub_resource type="StyleBoxTexture" id=5]
texture = ExtResource( 2 )
region_rect = Rect2( 0, 0, 16, 17 )
margin_left = 10.0
margin_right = 10.0
margin_top = 10.0
margin_bottom = 10.0

[resource]
default_font = ExtResource( 1 )
Button/colors/font_color = Color( 0.88, 0.88, 0.88, 1 )
Button/colors/font_color_disabled = Color( 0.9, 0.9, 0.9, 0.2 )
Button/colors/font_color_hover = Color( 0.94, 0.94, 0.94, 1 )
Button/colors/font_color_pressed = Color( 1, 1, 1, 1 )
Button/constants/hseparation = 2
Button/fonts/font = null
Button/styles/disabled = SubResource( 1 )
Button/styles/focus = null
Button/styles/hover = SubResource( 2 )
Button/styles/normal = SubResource( 3 )
Button/styles/pressed = SubResource( 4 )
Panel/styles/panel = SubResource( 5 )
